 Dungeon Crawl Stone Soup version 0.15.1-3-g1b33baa (webtiles) character file.

3736 CrazyArbalest the Whirler (level 10, -13/63 HPs)
             Began as a Halfling Fighter on Oct 12, 2014.
             Was an Elder of Makhleb.
             Mangled by a small abomination (17 damage)
             ... on Level 1 of the Abyss.
             The game lasted 01:09:54 (11670 turns).

CrazyArbalest the Whirler (Halfling Fighter)       Turns: 11670, Time: 01:09:55

HP -13/63        AC 13     Str 16      XL: 10   Next: 37%
MP   1/11        EV 10     Int  7      God: Makhleb [****..]
Gold 249         SH  7     Dex 18      Spells:  0 memorised,  9 levels left

rFire  . . .     SeeInvis .     b - +0 hunting sling
rCold  . . .     Clarity  .     p - +0 scale mail
rNeg   . . .     rCorr    +     c - +0 buckler
rPois  .         rRot     .     R - +2 hat
rElec  .         Spirit   .     (no cloak)
SustAb +         Warding  .     k - +0 pair of gloves
rMut   .         Stasis   .     n - +0 pair of boots {run}
Gourm  .                        V - amulet of resist corrosion
MR     .....                    F - +2 ring of protection
                                w - ring of sustain abilities

@: about to teleport, weakened, quick, not resistant to hostile enchantments,
extremely unstealthy
A: deterioration 1, mutation resistance 1
a: Minor Destruction, Lesser Servant of Makhleb, Major Destruction, Renounce
Religion


You were on level 1 of the Abyss.
You worshipped Makhleb.
Makhleb was greatly pleased with you.
You were not hungry.

You visited 2 branches of the dungeon, and saw 9 of its levels.
You visited the Abyss 1 time.

You collected 249 gold pieces.

Inventory:

Hand weapons
 a - a +0 cutlass
 b - a +0 hunting sling (weapon)
 C - a +5 dagger
 E - a +1 dagger of venom
 J - a +1 dagger of speed
 L - a +3 dagger of freezing
 T - a +1 dagger of distortion
Missiles
 j - 117 stones (quivered)
 D - 14 sling bullets
 O - 3 steel sling bullets
Armour
 c - a +0 buckler (worn)
 h - a +0 leather armour of poison resistance
 k - a +0 pair of gloves (worn)
 n - a +0 pair of boots of running (worn)
 p - a +0 scale mail (worn)
 y - a +1 robe of resistance
 R - a +2 hat (worn)
 Z - a +0 pair of gloves
Magical devices
 t - a wand of polymorph (7)
 u - a wand of random effects (8)
 M - a wand of enslavement (3)
 P - a wand of digging (5)
 X - a wand of digging (8)
 Y - a wand of confusion (10)
Comestibles
 d - 4 bread rations
 N - 5 fruits
Scrolls
 l - 2 scrolls of recharging
 s - a scroll of magic mapping {unknown}
 v - a scroll of fog {unknown}
 x - 2 scrolls of blinking
 z - 4 scrolls of remove curse
 A - 4 scrolls of random uselessness
 B - 2 scrolls of enchant armour
 H - a scroll of noise {unknown}
 K - 2 scrolls of enchant weapon
 U - a scroll of fear {unknown}
Jewellery
 w - a ring of sustain abilities (left hand)
 F - a +2 ring of protection (right hand)
 V - an amulet of resist corrosion (around neck)
Potions
 e - 3 potions of might
 f - a potion of degeneration {unknown}
 g - a potion of cancellation
 i - a potion of curing
 o - a potion of heal wounds {unknown}
 r - a potion of restore abilities {unknown}
 G - a potion of brilliance {unknown}
 I - a potion of resistance {unknown}
 S - a potion of berserk rage {unknown}
 W - a potion of flight {unknown}
Books
 Q - a book of Frost

   Spells                             Type                      Level
   Freeze                             Ice                          1
   Throw Frost                        Conjuration/Ice              2
   Ozocubu's Armour                   Charms/Ice                   3
   Throw Icicle                       Conjuration/Ice              4
   Summon Ice Beast                   Ice/Summoning                4
   Condensation Shield                Ice                          4


   Skills:
 + Level 3.5 Fighting
 + Level 3.8 Short Blades
 * Level 15.8 Slings
 + Level 5.0 Armour
 + Level 4.4 Dodging
 + Level 1.3 Stealth
 + Level 5.2 Shields
 + Level 0.9 Evocations


You had 9 spell levels left.
You didn't know any spells.

Dungeon Overview and Level Annotations

Branches:
Dungeon (8/15)             Temple (1/1) D:4
   Lair: D:8-11

Altars:
Ashenzari
Cheibriados
Dithmenos
Elyvilon
Fedhas
Kikubaaqudgha
Makhleb
Nemelex Xobeh
Okawaru
Qazlal
Sif Muna
Trog
Vehumet
Xom
Yredelemnul
Zin
The Shining One

Annotations:
D:7 Menkaure


Innate Abilities, Weirdness & Mutations

You are small and have problems with some larger weapons.
You are somewhat resistant to further mutation.
Your body is slowly deteriorating.


Message History

You hold your ground!
The thrashing horror tramples you but does no damage.
Drink which item? (? for menu, Esc to quit)
You feel better.
You block the thrashing horror's attack.
The thrashing horror tramples you but does no damage.
The small abomination hits you.
* * * LOW HITPOINT WARNING * * *
The orange demon stings you but does no damage.
Read which item? (? for menu, Esc to quit)
As you read the scroll of teleportation, it crumbles to dust.
You feel strangely unstable.
You feel the power of the Abyss delaying your translocation.
The thrashing horror roars!
The thrashing horror tramples you!
* * * LOW HITPOINT WARNING * * *
You hold your ground!
The thrashing horror tramples you but does no damage.
The small abomination hits you!
You die...

§ #§# .≈. # #
## # .8. #.####
# #$##.##@##
#$#
#...8Gx..4Xw.8#
#$##X##X##w##$#
#§#### # #§X§#
#####


You could see 2 tentacled starspawn, an orange demon, a thrashing horror, an eye
of draining, a small abomination and 2 starspawn tentacles.

Vanquished Creatures
  Grinder (D:6)
  A wandering mushroom (D:6)
  A neqoxec (Abyss:1)
  A water moccasin (D:7)
  2 orc warriors
  4 sky beasts
  4 phantoms
  A boggart (D:4)
  2 ogres (D:4)
  An ice beast (D:4)
  A centaur (D:7)
  Duvessa (D:5)
  2 giant frogs
  A gnoll sergeant (D:6)
  2 scorpions
  3 wights (D:6)
  Dowan (D:5)
  2 goliath beetles
  2 crimson imps (D:5)
  8 orc priests
  A jelly (D:4)
  A giant frog zombie (D:5)
  2 hounds (D:4)
  2 iguanas (D:5)
  6 orc wizards
  A worker ant (D:6)
  An ogre zombie (D:5)
  Ijyb (D:4)
  A sky beast zombie (D:5)
  A hound zombie (D:5)
  12 gnolls
  11 adders
  A shadow imp (D:7)
  3 giant mites
  A goliath beetle zombie (D:5)
  A worm (D:2)
  3 orc zombies
  6 giant geckos
  An ooze (D:6)
  37 orcs
  A ball python (D:1)
  12 bats
  2 bat skeletons
  A bat zombie (D:6)
  7 giant cockroaches
  20 goblins
  16 hobgoblins
  10 jackals
  3 quokkas
  9 giant newts
  A giant newt zombie (D:5)
  A goblin skeleton (D:4)
  A goblin zombie (D:5)
  2 hobgoblin skeletons
  A hobgoblin zombie (D:5)
  9 kobolds
  A kobold skeleton (D:4)
  A kobold zombie (D:5)
  10 rats
  3 rat skeletons (D:5)
  A rat zombie (D:5)
  A ballistomycete (D:7)
247 creatures vanquished.

Vanquished Creatures (others)
  An adder (D:5)
  A giant spore (D:7)
2 creatures vanquished.

Grand Total: 249 creatures vanquished

Notes
Turn   | Place    | Note
--------------------------------------------------------------
     0 | D:1      | CrazyArbalest, the Halfling Fighter, began the quest for the Orb.
     0 | D:1      | Reached XP level 1. HP: 15/15 MP: 1/1
   250 | D:1      | Reached XP level 2. HP: 20/20 MP: 2/2
   515 | D:1      | Reached XP level 3. HP: 22/26 MP: 3/3
   538 | D:1      | Reached skill level 1 in Dodging
  1314 | D:2      | Reached skill level 4 in Shields
  1314 | D:2      | Reached XP level 4. HP: 28/31 MP: 4/4
  1635 | D:2      | Identified a +0 pair of boots of running (You found it on level 2 of the Dungeon)
  1919 | D:2      | Reached XP level 5. HP: 36/36 MP: 5/5
  2644 | D:3      | Reached XP level 6. HP: 36/42 MP: 6/6
  3030 | D:3      | Found a deep blue altar of Sif Muna.
  3967 | D:4      | Noticed Ijyb
  3982 | D:4      | Killed Ijyb
  3983 | D:4      | Found a staircase to the Ecumenical Temple.
  3997 | Temple   | Entered the Ecumenical Temple
  4037 | Temple   | Became a worshipper of Makhleb the Destroyer
  4145 | D:4      | Noticed an orc warrior
  4159 | Temple   | Reached skill level 5 in Shields
  4438 | D:4      | Reached skill level 1 in Slings
  4914 | D:4      | Reached XP level 7. HP: 43/46 MP: 7/7
  4980 | D:4      | Noticed an ice beast
  5018 | D:4      | Killed an ice beast
  5251 | D:4      | Noticed a sky beast
  5402 | D:4      | Reached skill level 5 in Slings
  5421 | D:4      | Acquired Makhleb's first power
  5844 | D:4      | Killed a sky beast
  5844 | D:4      | Reached skill level 6 in Slings
  6088 | D:4      | Reached XP level 8. HP: 33/52 MP: 8/8
  6233 | D:4      | Reached skill level 7 in Slings
  6233 | D:4      | Reached skill level 1 in Stealth
  6377 | D:4      | an orc warrior changed into a boggart
  6397 | D:4      | Reached skill level 8 in Slings
  6560 | D:5      | Entered Level 5 of the Dungeon
  6662 | D:5      | Reached skill level 9 in Slings
  6980 | D:5      | Acquired Makhleb's second power
  7159 | D:5      | Reached skill level 10 in Slings
  7479 | D:5      | Reached XP level 9. HP: 55/57 MP: 9/9
  7679 | D:5      | Noticed Dowan
  7682 | D:5      | Noticed Duvessa
  7710 | D:5      | Killed Duvessa
  7723 | D:5      | Killed Dowan
  7723 | D:5      | Reached skill level 11 in Slings
  7781 | D:5      | Acquired Makhleb's third power
  8460 | D:6      | Noticed an oklob plant
  8461 | D:6      | Found a blossoming altar of Fedhas.
  8472 | D:6      | Noticed a wandering mushroom
  8472 | D:6      | an oklob plant changed into a wandering mushroom
  8490 | D:6      | Killed a wandering mushroom
  8490 | D:6      | Reached skill level 12 in Slings
  8504 | D:6      | Found a radiant altar of Vehumet.
  8508 | D:6      | Found a bloodstained altar of Trog.
  8509 | D:6      | Found a glowing golden altar of the Shining One.
  8510 | D:6      | Found an iron altar of Okawaru.
  8511 | D:6      | Found a shimmering altar of Xom.
  8512 | D:6      | Found a white marble altar of Elyvilon.
  8513 | D:6      | Found a shadowy altar of Dithmenos.
  8515 | D:6      | Found an ancient bone altar of Kikubaaqudgha.
  8767 | D:6      | Reached skill level 13 in Slings
  8982 | D:6      | Acquired Makhleb's fourth power
  9183 | D:6      | Noticed Grinder
  9209 | D:6      | Killed Grinder
  9337 | D:6      | Reached skill level 14 in Slings
  9434 | D:6      | Reached XP level 10. HP: 58/63 MP: 10/10
 10366 | D:7      | Reached skill level 15 in Slings
 10656 | D:7      | Noticed Menkaure
 11493 | D:7      | Cast into the Abyss (a distortion unwield)
 11547 | Abyss:1  | Noticed a worldbinder
 11557 | Abyss:1  | Noticed a hellion
 11559 | Abyss:1  | Noticed a black mamba
 11560 | Abyss:1  | Noticed a black mamba
 11573 | Abyss:1  | Noticed a purple very ugly thing
 11578 | Abyss:1  | Noticed a purple very ugly thing
 11579 | Abyss:1  | Noticed a purple ugly thing
 11580 | Abyss:1  | Noticed a purple ugly thing
 11640 | Abyss:1  | Gained mutation: Your body is slowly deteriorating. [a neqoxec]
 11647 | Abyss:1  | Reached skill level 5 in Armour
 11656 | Abyss:1  | Noticed a tentacled starspawn
 11656 | Abyss:1  | Noticed a thrashing horror
 11659 | Abyss:1  | Noticed an orange demon
 11661 | Abyss:1  | Noticed a tentacled starspawn
 11670 | Abyss:1  | Mangled by a small abomination

Action                   |  1- 3 |  4- 6 |  7- 9 | 10-12 || total
-------------------------+-------+-------+-------+-------++-------
Melee: Cutlass           |   123 |   321 |       |       ||   444
       Hunting sling     |       |       |     1 |       ||     1
 Fire: Hunting sling     |       |   106 |   844 |   240 ||  1190
Evoke: Wand              |       |       |     3 |     6 ||     9
  Use: Potion            |       |     1 |       |     3 ||     4
       Scroll            |       |       |       |    11 ||    11
  Eat: Chunk             |     1 |    10 |     9 |     6 ||    26
       Pizza             |       |       |     3 |       ||     3
